 Dungeon Crawl Stone Soup version 0.29.0-4-gdea44cf6ec (webtiles) character file.

Game seed: 10057891468750296365

288 qw the Chopper (level 6, -2/38 HPs)
             Began as a Gargoyle Fighter on Sept 9, 2022.
             Killed by nerve-wracking pain
             ... invoked by Grinder
              (6 damage)
             ... on level 3 of the Dungeon.
             The game lasted 00:01:06 (2974 turns).

qw the Chopper (Gargoyle Fighter)                   Turns: 2974, Time: 00:01:07

Health: -2/38      AC: 12    Str: 22    XL:     6   Next: 31%
Magic:  6/6        EV:  9    Int:  8    God:
Gold:   174        SH:  4    Dex:  9    Spells: 5/5 levels left

rFire   . . .      SeeInvis .   Y - +0 war axe
rCold   . . .      Faith    .   c - +0 buckler
rNeg    + . .      Spirit   .   b - +0 scale mail
rPois   inf        Reflect  .   (no helmet)
rElec   +          Harm     .   h - scarf {repulsion}
rCorr   .          Rampage  .   i - +0 pair of gloves
Will    .....                   (no boots)
Stlth   ..........              (no amulet)
HPRegen 0.12/turn               (no ring)
MPRegen 0.10/turn               (no ring)

@: about to teleport, repel missiles
A: sickness immunity, AC +4, negative energy resistance 1, electricity
resistance, torment resistance 1, petrification resistance
a: no special abilities


You were on level 3 of the Dungeon.
You visited 1 branch of the dungeon, and saw 3 of its levels.

You collected 174 gold pieces.


Innate Abilities, Weirdness & Mutations

You are immune to sickness and miasma.
Your stone body is resilient. (AC +4)
You are immune to poison.
You resist negative energy. (rN+)
You are resistant to electric shocks. (rElec)
You are resistant to unholy torment.
You are immune to petrification.


   Skills:
 - Level 4.0 Fighting
 + Level 5.3 Axes
 - Level 3.2 Armour
 - Level 1.1 Dodging
 - Level 3.2 Shields


You had 5 spell levels left.
You didn't know any spells.
Your spell library was empty.

Inventory:

Hand Weapons
 j - a +0 flail
 Y - a +0 war axe (weapon)
Missiles
 m - 2 boomerangs (quivered)
Armour
 a - a +0 plate armour
 b - a +0 scale mail (worn)
 c - a +0 buckler (worn)
 h - a scarf of repulsion (worn)
 i - a +0 pair of gloves (worn)
Scrolls
 n - a scroll of fog
Potions
 d - 3 potions of might
 e - a potion of mutation {unknown}
 g - a potion of lignification
 k - a potion of attraction {unknown}
 l - a potion of flight {unknown}

Dungeon Overview and Level Annotations

Branches:
Dungeon (3/15)

Altars:

Annotations:
D:3 Grinder


Message History

You closely miss Grinder.
Grinder is moderately wounded.
Grinder says, "You look like you could use a good racking."
Grinder gestures at you. Pain shoots through your body!
You hit Grinder.
Grinder is moderately wounded.
You block Grinder's attack.
You closely miss Grinder.
Grinder is moderately wounded.
Grinder blinks!
You start resting.
Grinder is nearby!
Grinder blinks!
You closely miss Grinder.
Grinder is moderately wounded.
Grinder hits you.
You barely miss Grinder.
Grinder is moderately wounded.
Grinder barely misses you.
You slash Grinder!
Grinder is severely wounded.
Grinder gestures at you. Pain shoots through your body!
You hit Grinder.
Grinder is severely wounded.
Grinder hits you.
You writhe in agony.
Grinder closely misses you.
2972 ||| READING scroll of teleportation.
As you read the scroll of teleportation, it crumbles to dust.
You feel strangely unstable. Grinder barely misses you.
You closely miss Grinder.
Grinder is severely wounded.
Grinder gestures at you.
You barely resist. You hit Grinder.
Grinder is severely wounded.
Grinder gestures at you. Pain shoots through your body!
You die...

..##..##....#.#.....#
...................##
...#..#.............#
..............#.##.##
......#.#...#.#.##.###
.....................#
.....#.#.#.##########
.## #5###.# #@# #.#
........# #.#
..###.### #.###### #.
#......# # #.######
###


You could see Grinder.

Vanquished Creatures
  A scorpion (D:2)
  Terence (D:2)
  Natasha (thrice) (D:2)
  3 adders (D:2)
  6 gnolls (D:3)
  A dart slug (D:3)
  An orc (D:3)
  2 ball pythons
  6 endoplasms
  4 giant cockroaches
  9 goblins
  A hobgoblin (D:2)
  A jackal (D:1)
  A quokka (D:1)
  3 bats
  4 frilled lizards
  A kobold (D:2)
  5 rats
53 creatures vanquished.

Notes
Turn   | Place    | Note
-------+----------+-------------------------------------------
     0 | D:1      | qw the Gargoyle Fighter began the quest for the Orb.
     0 | D:1      | Reached XP level 1. HP: 14/14 MP: 1/1
     0 | D:1      | 0 ||| qw: Version: 0.1-a-113-g051387a
     0 | D:1      | 0 ||| qw: Game counter: 7256
     0 | D:1      | 0 ||| qw: Always use a shield: true
     0 | D:1      | 0 ||| qw: God list: Okawaru
     0 | D:1      | 0 ||| qw: Allow faded altars: false
     0 | D:1      | 0 ||| qw: Do Orc after D:15 true
     0 | D:1      | 0 ||| qw: Do second Lair branch before Depths: true
     0 | D:1      | 0 ||| qw: Lair rune preference: random
     0 | D:1      | 0 ||| qw: Plans: Normal, Zot, God:TSO, Crypt, Tomb, Zig,
                  | Orb
     0 | D:1      | 0 ||| PLANNING D:1-11
    58 | D:1      | Reached skill level 2 in Axes
   341 | D:1      | Reached XP level 2. HP: 19/19 MP: 2/2
   700 | D:1      | Found a faded altar of an unknown god.
   756 | D:1      | 756 ||| Stepping ~*~*~tactically~*~*~ (stealth).
  1004 | D:1      | 1004 ||| UPGRADING to scarf of repulsion.
  1009 | D:1      | 1009 ||| UPGRADING to +0 pair of gloves.
  1014 | D:1      | 1014 ||| READING scroll labelled HOXO JOSYMEURA.
  1015 | D:1      | 1015 ||| READING scroll labelled COEPRY QESKU.
  1016 | D:1      | 1016 ||| READING scroll labelled XOYDISS YXTA.
  1021 | D:1      | 1021 ||| DRINKING 2 white potions.
  1190 | D:2      | 1190 ||| Stepping ~*~*~tactically~*~*~ (stealth).
  1234 | D:2      | Noticed Terence
  1243 | D:2      | Killed Terence
  1244 | D:2      | Reached skill level 3 in Axes
  1244 | D:2      | Reached XP level 3. HP: 23/23 MP: 3/3
  1248 | D:2      | 1248 ||| DROPPING +0 club.
  1321 | D:2      | 1321 ||| Stepping ~*~*~tactically~*~*~ (stealth).
  1435 | D:2      | Reached XP level 4. HP: 23/28 MP: 4/4
  1533 | D:2      | Noticed Natasha
  1542 | D:2      | Killed Natasha
  1543 | D:2      | Reached skill level 4 in Axes
  1774 | D:2      | Noticed Natasha
  1775 | D:2      | 1775 ||| Stepping ~*~*~tactically~*~*~ (hiding).
  1781 | D:2      | Killed Natasha
  1909 | D:2      | Noticed a scorpion
  1916 | D:2      | Killed a scorpion
  1917 | D:2      | Reached skill level 5 in Axes
  1917 | D:2      | Reached XP level 5. HP: 32/32 MP: 5/5
  1979 | D:2      | Noticed Natasha
  1980 | D:2      | 1980 ||| Stepping ~*~*~tactically~*~*~ (hiding).
  1981 | D:2      | 1981 ||| Stepping ~*~*~tactically~*~*~ (hiding).
  1990 | D:2      | Killed Natasha
  2496 | D:2      | 2496 ||| READING scroll labelled GALOTW VUCHOXIODD.
  2497 | D:2      | 2497 ||| DRINKING 2 smoky clear potions.
  2498 | D:2      | 2498 ||| DROPPING potion of invisibility.
  2518 | D:3      | 2518 ||| Stepping ~*~*~tactically~*~*~ (stealth).
  2519 | D:3      | 2519 ||| Stepping ~*~*~tactically~*~*~ (stealth).
  2520 | D:3      | 2520 ||| Stepping ~*~*~tactically~*~*~ (stealth).
  2521 | D:3      | 2521 ||| Stepping ~*~*~tactically~*~*~ (stealth).
  2522 | D:3      | 2522 ||| Stepping ~*~*~tactically~*~*~ (stealth).
  2524 | D:3      | 2524 ||| Stepping ~*~*~tactically~*~*~ (stealth).
  2526 | D:3      | 2526 ||| Stepping ~*~*~tactically~*~*~ (stealth).
  2528 | D:3      | 2528 ||| Stepping ~*~*~tactically~*~*~ (hiding).
  2530 | D:3      | 2530 ||| Stepping ~*~*~tactically~*~*~ (stealth).
  2537 | D:3      | Reached XP level 6. HP: 35/38 MP: 6/6
  2538 | D:3      | 2538 ||| Stepping ~*~*~tactically~*~*~ (stealth).
  2548 | D:3      | Reached skill level 1 in Dodging
  2603 | D:3      | 2603 ||| FLEEEEING.
  2604 | D:3      | 2604 ||| FLEEEEING.
  2605 | D:3      | 2605 ||| FLEEEEING.
  2777 | D:3      | 2777 ||| Stepping ~*~*~tactically~*~*~ (hiding).
  2808 | D:3      | 2808 ||| Stepping ~*~*~tactically~*~*~ (stealth).
  2809 | D:3      | 2809 ||| Stepping ~*~*~tactically~*~*~ (stealth).
  2872 | D:3      | 2872 ||| Stepping ~*~*~tactically~*~*~ (hiding).
  2873 | D:3      | 2873 ||| Stepping ~*~*~tactically~*~*~ (hiding).
  2888 | D:3      | 2888 ||| Stepping ~*~*~tactically~*~*~ (stealth).
  2927 | D:3      | Noticed Grinder
  2928 | D:3      | 2928 ||| Stepping ~*~*~tactically~*~*~ (hiding).
  2949 | D:3      | 2949 ||| Stepping ~*~*~tactically~*~*~ (hiding).
  2971 | D:3      | HP: 5/38 [Grinder (6)]
  2972 | D:3      | 2972 ||| READING scroll of teleportation.
  2974 | D:3      | Killed from afar by Grinder

Levels and vault maps discovered:
D:1:      ncdulo_watergridlock, layout_basic,
          shapermc_ecumenical_altar_flowoftime, minmay_pentomino_q2
D:2:      layout_basic, supply_closet_lemuel, uniq_terence, uniq_natasha
D:3:      layout_basic, uniq_grinder, uniq_sigmund

Skill      XL: |  1  2  3  4  5  6 |
---------------+-------------------+-----
Axes           | 2 3 5 |  5.3
Fighting       | 4 |  4.0
Dodging        | 1 |  1.1
Armour         | |  3.2
Shields        | |  3.2

Action                   |  1- 3 |  4- 6 || total
-------------------------+-------+-------++-------
Melee: War axe           |    64 |   110 ||   174
Throw: Boomerang         |       |    22 ||    22
  Use: Scroll            |     3 |     2 ||     5
       Potion            |     1 |     1 ||     2
Armor: Scale mail        |    24 |    48 ||    72
Dodge: Dodged            |    23 |    42 ||    65
Block: Buckler           |    10 |    13 ||    23

Table legend:
 A = Non-vault XP
 B = Vault XP
 C = Vault XP percentage of total XP
 D = Non-vault monster count
 E = Vault monster count
 F = Vault count percentage of total count
                 A         B        C        D         E       F
            +---------+---------+-------+---------+---------+-------
      Total |     336 |      76 |  18.4 |      49 |       4 |   7.5
            +---------+---------+-------+---------+---------+-------
        D:1 |      17 |       3 |  15.0 |      10 |       2 |  16.7
        D:2 |     213 |      73 |  25.5 |      20 |       2 |   9.1
        D:3 |     106 |       0 |   0.0 |      19 |       0 |   0.0
            +---------+---------+-------+---------+---------+-------
